 Dungeon Crawl Stone Soup version 0.21-a0-170-g0398fc9 (webtiles) character file.

1027 namelastname112 the Shooter (level 8, -1/63 HPs)
             Began as a Purple Draconian Wanderer on Aug 6, 2017.
             Slain by an orc warrior
             ... wielding a +0 halberd
              (28 damage)
             ... on level 6 of the Dungeon.
             The game lasted 00:05:44 (3464 turns).

namelastname112 the Shooter (DrWn)                  Turns: 3464, Time: 00:05:45

Health: -1/63      AC:  7    Str: 12    XL:     8   Next: 3%
Magic:  7/7        EV: 14    Int: 11    God:
Gold:   417        SH:  0    Dex: 13    Spells: 7/7 levels left

rFire    . . .     SeeInvis .   b - +3 short sword (venom)
rCold    . . .     Gourm    .   (no shield)
rNeg     . . .     Faith    .   (armour unavailable)
rPois    .         Spirit   .   (helmet restricted)
rElec    +         Reflect  .   m - +0 cloak
rCorr    .         Harm     +   (no gloves)
MR       +....                  (no boots)
Stlth    ++........             o - amulet of harm
HPRegen  0.20/turn              (no ring)
MPRegen  0.10/turn              (no ring)

@: no status effects
A: breathe power, unfitting armour, dopey 1, frail 1, low mp 1, electricity
resistance, weak 1, cold-blooded, AC +6
a: Breathe Dispelling Energy


You were on level 6 of the Dungeon.
You were not hungry.

You visited 1 branch of the dungeon, and saw 6 of its levels.

You collected 417 gold pieces.

Inventory:

Hand Weapons
 a - a +2 shortbow
 b - a +3 short sword of venom (weapon)
Missiles
 l - 67 arrows
Armour
 m - a +0 cloak (worn)
Jewellery
 o - an amulet of harm (around neck)
Wands
 c - a wand of digging (6/24)
Scrolls
 e - 5 scrolls of teleportation {unknown}
 h - a scroll of noise {unknown}
 i - 7 scrolls of remove curse {unknown}
 u - 2 scrolls of magic mapping {unknown}
 x - 3 scrolls of identify {unknown}
 y - a scroll of blinking {unknown}
 A - 2 scrolls of recharging {unknown}
Potions
 d - a potion of brilliance {unknown}
 j - a potion of berserk rage {unknown}
 k - a potion of magic {unknown}
 n - 2 potions of lignification {unknown}
 q - a potion of mutation {unknown}
 r - 3 potions of curing {unknown}
 s - 2 potions of heal wounds {unknown}
 t - a potion of flight {unknown}
 v - a potion of might {unknown}
 w - a potion of agility {unknown}
 z - a potion of haste {unknown}
Comestibles
 f - 3 bread rations
 g - 3 royal jellies
 p - 13 fruits
 B - a meat ration
 C - 2 chunks of flesh


   Skills:
 + Level 5.7 Fighting
 + Level 6.7 Bows
 + Level 4.6 Dodging
 - Level 1.0 Stealth
   Level 1.0 Shields
   Level 2.1 Hexes
   Level 1.0 Ice Magic


You had 7 spell levels left.
You didn't know any spells.

Dungeon Overview and Level Annotations

Branches:
Dungeon (6/15)
 Temple: D:4-7

Altars:
Cheibriados
Fedhas
Gozag
Makhleb
Ru
Vehumet


Innate Abilities, Weirdness & Mutations

You can breathe bolts of dispelling energy.
Your rich purple scales are hard. (AC +6)
You cannot fit into any form of body armour.
You are cold-blooded and may be slowed by cold attacks.
You are dopey. (Int -2)
You are frail. (-10% HP)
Your magical capacity is low. (-10% MP)
You are resistant to electric shocks. (rElec)
You are weak. (Str -2)


Message History

You are too injured to fight recklessly!
You are too injured to fight recklessly!
You are too injured to fight recklessly!
You are too injured to fight recklessly!
You are too injured to fight recklessly!
You are too injured to fight recklessly!
You are too injured to fight recklessly!
You are too injured to fight recklessly!
You are too injured to fight recklessly!
You are too injured to fight recklessly!
You are too injured to fight recklessly!
You are too injured to fight recklessly!
You are too injured to fight recklessly!
You are too injured to fight recklessly!
You are too injured to fight recklessly!
You kill the orc priest!
You have reached level 8!
You feel stronger.
The orc warrior hits you from afar with a halberd!!
You die...

.#....#...#.. ..........#
....<......## .......[.#
............#####.......#
............#...........# #####
............#...........###....
...........#.o..........))#....
.#...#.......oo..##..####......
### #.......#)#.##.######.....
#####.#.#.##@o.......###.....
...........#.........##......
#####................##.#....
#...#.#...............#....
...........#.........#.......
..?..$....##.........#[##....
#.........############.######
...%......# ###### #.# ##.
..........# #....# #.# ##..


You could see an orc warrior, an orc wizard and 2 orcs.

Vanquished Creatures
  An orc warrior (D:6)
  A sky beast (D:5)
  A phantom (D:5)
  2 ogres
  A necrophage (D:5)
  A bullfrog (D:6)
  A scorpion (D:6)
  A hound (D:3)
  An orc priest (D:6)
  2 iguanas
  4 worker ants
  A worker ant zombie (D:5)
  A howler monkey skeleton (D:4)
  A gnoll (D:2)
  7 adders
  A worm (D:5)
  3 leopard geckos
  4 orcs
  2 giant cockroaches
  11 goblins
  9 hobgoblins
  10 jackals
  A quokka (D:3)
  A ball python (D:1)
  8 bats
  5 frilled lizards
  5 kobolds
  A leopard gecko skeleton (D:4)
  10 rats
97 creatures vanquished.

Notes
Turn   | Place    | Note
-------+----------+-------------------------------------------
     0 | D:1      | namelastname112 the Draconian Wanderer began the quest for the Orb.
     0 | D:1      | namelastname112 set off with: a +2 shortbow, 27 arrows, a +0 hand axe, a +0 shield, a bread ration
     0 | D:1      | Reached XP level 1. HP: 14/14 MP: 1/1
    72 | D:1      | Reached skill level 1 in Dodging
   121 | D:1      | Reached XP level 2. HP: 22/22 MP: 2/2
   244 | D:1      | Reached skill level 1 in Fighting
   521 | D:2      | Reached XP level 3. HP: 24/28 MP: 3/3
  1324 | D:3      | Reached XP level 4. HP: 36/36 MP: 4/4
  1466 | D:2      | Found a sacrificial altar of Ru.
  1522 | D:3      | Reached skill level 5 in Bows
  1897 | D:3      | Found a blossoming altar of Fedhas.
  2015 | D:4      | Found a snail-covered altar of Cheibriados.
  2015 | D:4      | Found a blossoming altar of Fedhas.
  2016 | D:4      | Found a burning altar of Makhleb.
  2088 | D:4      | Reached XP level 5. HP: 45/45 MP: 5/5
  2253 | D:4      | Found an opulent altar of Gozag.
  2538 | D:4      | Noticed an ogre
  2550 | D:4      | Killed an ogre
  2550 | D:4      | Reached XP level 6. HP: 49/52 MP: 6/6
  2638 | D:5      | Entered Level 5 of the Dungeon
  2714 | D:5      | Reached skill level 6 in Bows
  2714 | D:5      | Your scales start taking on a rich purple colour.
  2714 | D:5      | Reached XP level 7. HP: 42/60 MP: 7/7
  2754 | D:5      | Gained mutation: Your magical capacity is low. (-10% MP) [mutagenic meat]
  2755 | D:5      | Gained mutation: You are weak. (Str -2) [mutagenic meat]
  2756 | D:5      | Gained mutation: You are dopey. (Int -2) [mutagenic meat]
  2757 | D:5      | Gained mutation: You are frail. (-10% HP) [mutagenic meat]
  2758 | D:5      | Gained mutation: You are resistant to electric shocks. (rElec) [mutagenic meat]
  2790 | D:5      | Reached skill level 5 in Fighting
  2822 | D:5      | Found a radiant altar of Vehumet.
  3464 | D:6      | Reached XP level 8. HP: 27/63 MP: 7/7
  3464 | D:6      | Slain by an orc warrior

Vault maps used:
D:1:      dpeg_arrival_rooms_c, st_stairs_6
D:2:      lemuel_upstairs_altar, minmay_curled_crystal,
          hangedman_abyss_or_decor_stabs
D:3:      cheibrodos_old_hovel, fedhas_altar_fruit_tree
D:4:      nicolae_overflow_quartered_altars, first_bread
D:5:      kennysheep_mini
D:6:      lemuel_temple_firewalk_b, bh_walls_and_bars

Skill      XL: |  1  2  3  4  5  6  7 |
---------------+----------------------+-----
Dodging        | 1 2 3 4 |  4.6
Fighting       | 1 2 3 4 5 |  5.7
Bows           | 5 6 |  6.7
Hexes          | 2 |  2.1
Stealth        | |  1.0
Shields        | |  1.0
Ice Magic      | |  1.0

Action                   |  1- 3 |  4- 6 |  7- 9 || total
-------------------------+-------+-------+-------++-------
Melee: Short sword       |       |    57 |    73 ||   130
       Tailslap          |       |     7 |     9 ||    16
 Fire: Shortbow          |   117 |    58 |     3 ||   178
 Stab: Sleeping          |       |     2 |     1 ||     3
  Eat: Royal jelly       |     1 |       |       ||     1
       Chunk             |       |     3 |     8 ||    11
Armor: Skin              |     9 |    17 |    29 ||    55
Dodge: Dodged            |    17 |    50 |    47 ||   114
